 Dungeon Crawl Stone Soup version 0.27-a0-668-gb5737ff2c0 (webtiles) character file.

Game seed: 17783257537895201289

116 pistachioham the Magician (level 4, -6/24 HPs)
             Began as a Deep Elf Hedge Wizard on Mar 16, 2021.
             Killed by divine providence
             ... invoked by an orc priest
              (15 damage)
             ... on level 4 of the Dungeon on Mar 17, 2021.
             The game lasted 00:17:01 (4080 turns).

pistachioham the Magician (Deep Elf Hedge Wizard)   Turns: 4080, Time: 00:17:02

Health: -6/24      AC:  4    Str:  7    XL:     4   Next: 69%
Magic:  12/14      EV: 12    Int: 20    God:
Gold:   203        SH:  0    Dex: 14    Spells: 8/15 levels left

rFire    . . .     SeeInvis .   a - +0 dagger
rCold    . . .     Faith    .   (no shield)
rNeg     . . .     Spirit   .   b - +0 robe
rPois    .         Reflect  .   p - +0 helmet
rElec    .         Harm     .   h - +0 cloak
rCorr    .         Rampage  .   (no gloves)
Will     .....                  (no boots)
Stlth    ++........             (no amulet)
HPRegen  0.08/turn              (no ring)
MPRegen  0.14/turn              (no ring)

@: no status effects
A: no striking features
a: no special abilities


You were on level 4 of the Dungeon.
You visited 1 branch of the dungeon, and saw 4 of its levels.

You collected 203 gold pieces.

Inventory:

Hand Weapons
 a - a +0 dagger (weapon)
Armour
 b - a +0 robe (worn)
 h - a +0 cloak (worn)
 p - a +0 helmet (worn)
Wands
 m - a wand of mindburst (21)
 t - a wand of flame (14)
Scrolls
 c - a scroll of random uselessness {unknown}
 e - 2 scrolls of blinking
 f - 6 scrolls of identify {unknown}
 u - a scroll of magic mapping {unknown}
 v - a scroll of enchant armour {unknown}
 w - a scroll of teleportation {unknown}
Potions
 d - a potion of ambrosia {unknown}
 g - a potion of resistance {unknown}
 i - a potion of might
 j - a potion of berserk rage {unknown}
 k - a potion of curing {unknown}
 l - a potion of degeneration {unknown}
 n - a potion of flight {unknown}
 o - a potion of cancellation {unknown}
 q - a potion of mutation {unknown}
 r - a potion of haste {unknown}
 s - a potion of attraction {unknown}


   Skills:
 - Level 2.4 Dodging
 - Level 2.4 Stealth
 + Level 6.0 Spellcasting
 + Level 3.4 Conjurations
 - Level 1.1 Summonings
 + Level 1.7 Translocations


You had 8 spell levels left.
You knew the following spells:

 Your Spells              Type           Power      Damage    Failure   Level
a - Magic Dart            Conj           76%        1d6       2%          1
b - Slow                  Hex            6%         N/A       16%         2
c - Blink                 Tloc           N/A        N/A       8%          2
d - Call Imp              Summ           10%        N/A       10%         2

Your spell library contained the following spells:

 Spells                   Type           Power      Damage    Failure   Level
 Conjure Flame            Conj/Fire      12%        6-21      16%         3
 Mephitic Cloud           Conj/Pois/Air  10%        N/A       21%         3


Dungeon Overview and Level Annotations

Branches:
Dungeon (4/15)
 Temple: D:4-7

Altars:

Shops:
D:4 [

Annotations:
D:3 2 transporters, logorrheac's ghost, amateur OpVM


Message History

Press: ? - help, Dir - move target, f - hound
Aim: a hound (asleep) Attack!
Your white imp gestures at the hound.
The puff of frost hits the hound!
The hound bites your white imp but does no damage.
Your white imp gestures at the hound.
The puff of frost hits the hound.
The hound dies!
Your Spellcasting skill increases to level 6!
You now have 203 gold pieces (gained 16).
An orc comes into view. It is wielding a +0 whip.
The orc shouts!
You hear a shout! x2
An orc priest comes into view. It is wielding a +0 whip.
You hear a shout!
Found Diwkon's Antique Armour Boutique. 2 orcs come into view.
The orc priest shouts!
You hear a shout! x3; The orc shouts!
Casting: Call Imp (safe; 10% risk of failure)
Confirm with . or Enter, or press ? or * to list all spells.
A beastly little devil appears in a puff of frigid air.
An orc comes into view. It is wielding a +0 mace.
You swap places.
The orc priest invokes the aid of Beogh against you.
Beogh smites you!
Ouch! That really hurt!
What are your orders? t - Shout!
Orders for allies: a - Attack new target. r - Retreat! s - Stop attacking. g - Guard the area. f - Follow me.
Anything else - Cancel.
Gang up on whom?
Press: ? - help, Dir - move target, f - orc priest
Aim: an orc priest, wielding a +0 whip Attack!
The orc priest mumbles some strange prayers to Beogh against you.
Beogh smites you!
Ouch! That really hurt!
You die...

.. . ..## .. ... ... #o.
.∩.o#.. #### .....o.##..##
.......#....# ......55@..##
........#..### #####
.###..###....####...## #..
#............##
............##.........#...##
..............#......##....#
. ...........#.##.........###
.##. ..#.......#..#....#..###
.... #.........##......####


You could see an orc priest (ally target), an orc and 2 friendly white imps.

Vanquished Creatures
  Robin (D:3)
  2 adders (D:2)
  3 worms
  3 dart slugs
  A leopard gecko (D:4)
  A giant cockroach (D:2)
  8 goblins
  7 hobgoblins
  4 jackals (D:1)
  2 quokkas
  6 bats
  5 frilled lizards
  3 kobolds
  A leopard gecko skeleton (D:3)
  8 rats
55 creatures vanquished.

Vanquished Creatures (collateral kills)
  A hound (D:4)
  A dart slug (D:2)
  4 goblins
  A bat (D:1)
  A rat (D:2)
8 creatures vanquished.

Grand Total: 63 creatures vanquished

Notes
Turn   | Place    | Note
-------+----------+-------------------------------------------
     0 | D:1      | pistachioham the Deep Elf Hedge Wizard began the quest for
                  | the Orb.
     0 | D:1      | Reached XP level 1. HP: 10/10 MP: 7/7
   309 | D:1      | Reached XP level 2. HP: 15/15 MP: 2/9
   519 | D:1      | Learned a level 2 spell: Slow
   522 | D:1      | Learned a level 2 spell: Blink
   525 | D:1      | Learned a level 2 spell: Call Imp
  1066 | D:1      | Reached skill level 5 in Spellcasting
  1749 | D:2      | Reached XP level 3. HP: 19/19 MP: 9/11
  3006 | D:3      | Reached XP level 4. HP: 24/24 MP: 7/13
  3184 | D:3      | Noticed Robin
  3208 | D:3      | Killed Robin
  3733 | D:3      | Found a transporter.
  3748 | D:3      | Found a transporter.
  3749 | D:3      | Noticed logorrheac's ghost (amateur OpVM)
  3753 | D:3      | Noticed a phantom
  3985 | D:4      | Upgraded the game from 0.27-a0-660-g90476cec82 to
                  | 0.27-a0-668-gb5737ff2c0
  4052 | D:4      | Reached skill level 6 in Spellcasting
  4075 | D:4      | Found Diwkon's Antique Armour Boutique.
  4080 | D:4      | Killed from afar by an orc priest

Illustrated notes

Levels and vault maps discovered:
D:1:      lemuel_arrival_cross, layout_loops_ring, hangedman_feature_mirror
D:2:      layout_basic
D:3:      layout_rooms, gammafunk_ghost_mausoleum, uniq_robin
D:4:      layout_cave_pools, minmay_temple_entry_nine_rooms, serial_shops, shop,
          uniq_blork_the_orc, uniq_pikel, uniq_menkaure

Skill      XL: |  1  2  3  4 |
---------------+-------------+-----
Conjurations   | 2 3 |  3.4
Spellcasting   | 5 6 |  6.0
Dodging        | |  2.4
Stealth        | |  2.4
Summonings     | |  1.1
Translocations | |  1.7

Action                   |  1- 3 |  4- 6 || total
-------------------------+-------+-------++-------
Melee: Dagger            |    11 |     8 ||    19
 Cast: Magic Dart        |   102 |    33 ||   135
       Call Imp          |     9 |     9 ||    18
       Slow              |     1 |       ||     1
       Blink             |     1 |     1 ||     2
  Use: Scroll            |     1 |       ||     1
 Stab: Sleeping          |     1 |       ||     1
Armor: Robe              |     8 |     7 ||    15
Dodge: Dodged            |    15 |    21 ||    36

Table legend: (Time is in decaauts)
 A = Elapsed time spent in this place.
 B = Non-inter-level travel time spent in this place.
 C = Inter-level travel time spent in this place.
 D = Time resting spent in this place.
 E = Time spent auto-exploring this place.
 F = Levels seen in this place.
 G = Mean time per level.
                   A        B        C        D        E       F      G
               +--------+--------+--------+--------+--------+-----+--------+
         Total |   4084 |   4020 |     64 |    993 |   2029 |   4 | 1021.0 |
       Dungeon |   4084 |   4020 |     64 |    993 |   2029 |   4 | 1021.0 |
               +--------+--------+--------+--------+--------+-----+--------+

Top non-repeatable levels by time:
     D:2: 1664 daAuts
     D:1: 1612 daAuts
     D:3: 686 daAuts
     D:4: 120 daAuts
